 Dungeon Crawl Stone Soup version 0.18.1-48-g4cf74bf (webtiles) character file.

368720 hairmachine the Minotaur Blade (level 21, 0/316 HPs)
             Began as a Minotaur Fighter on July 3, 2016.
             Was the Champion of Okawaru.
             Slain by a shadow dragon (1 damage)
             ... on level 5 of the Vaults.
             The game lasted 03:05:11 (51766 turns).

hairmachine the Minotaur Blade (Minotaur Fighter)  Turns: 51766, Time: 03:05:12

Health: 0/316      AC: 46    Str: 37    XL:     21   Next: 64%
Magic:  28/28      EV:  2    Int:  5    God:    Okawaru [******]
Gold:   2933       SH:  0    Dex: 15    Spells: 0 memorised, 20 levels left

rFire  . . .     SeeInvis +     M - +8 long sword of Mutilation {speed, *Drain +Blink rElec rN+++}
rCold  . . .     Gourm    .     r - +10 crystal plate armour
rNeg   + + +     Faith    .     K - +0 shield {reflect}
rPois  ∞         Spirit   .     w - +0 hat {SInv}
rElec  +         Dismiss  .     Y - +2 cloak {rPois}
rCorr  .         Reflect  +     O - +2 pair of gloves {archery}
SustAt .         Harm     .     j - +1 pair of boots {run}
MR     +....                    c - +4 amulet of reflection
Stlth  ..........               a - +6 ring of strength
                                q - +4 ring of evasion

@: berserking (expiring), petrified, quick, somewhat resistant to hostile
enchantments, extremely unstealthy
A: retaliatory headbutt, horns 2, sense surroundings 1
a: Heroism, Finesse, Renounce Religion, Evoke Blink
}: 2/15 runes: serpentine, barnacled


You were on level 5 of the Vaults.
You worshipped Okawaru.
Okawaru was exalted by your worship.
You were not hungry.

You visited 7 branches of the dungeon, and saw 39 of its levels.

You collected 3361 gold pieces.
You spent 428 gold pieces at shops.

Inventory:

Hand Weapons
 M - the +8 long sword of Mutilation (weapon) {speed, *Drain +Blink rElec rN+++}
   (Okawaru gifted it to you on level 4 of the Snake Pit)

   Attacks with this weapon are significantly faster.
   It insulates you from electricity.
   It renders you almost immune to negative energy.
   It lets you blink.
   It causes draining when unequipped.
 P - a +3 double sword of holy wrath
 S - a +8 vampiric scimitar
Missiles
 o - 20 silver javelins (quivered)
Armour
 j - a +1 pair of boots of running (worn)
 r - a +10 crystal plate armour (worn)
 w - a +0 hat of see invisible (worn)
 K - a +0 shield of reflection (worn)
 O - a +2 pair of gloves of archery (worn)
 Y - a +2 cloak of poison resistance (worn)
Rods
 e - a +0 rod of ignition (11/11)
   (You found it on level 13 of the Dungeon)
 J - a +2 rod of ignition (9/9)
   (You found it on level 8 of the Lair of Beasts)
Jewellery
 a - a +6 ring of strength (right hand)
 c - a +4 amulet of reflection (around neck)
 q - a +4 ring of evasion (left hand)
Wands
 b - a wand of digging (9/24)
 i - a wand of lightning (7/15)
 s - a wand of disintegration (0/24)
 y - a wand of iceblast (6/15)
 H - a wand of teleportation (4/9)
 T - a wand of flame (14/48)
Scrolls
 l - 8 scrolls of recharging
 p - 9 scrolls of magic mapping
 u - a scroll of amnesia
 D - 9 scrolls of identify
 E - a scroll of fog
 F - 15 scrolls of remove curse
 L - 4 scrolls of fear
 N - 6 scrolls of teleportation
Potions
 k - 2 potions of curing
 t - a potion of brilliance
 x - a potion of agility
 z - 2 potions of flight
 A - 3 potions of ambrosia
 B - 3 potions of resistance
 I - 3 potions of might
 Q - 4 potions of haste {unknown}
 V - 5 potions of cure mutation {unknown}
Books
 g - a book of Maledictions

   Spells                             Type                      Level
   a - Corona                         Hexes                        1
   b - Ensorcelled Hibernation        Hexes/Ice                    2
   c - Confuse                        Hexes                        3
   d - Tukima's Dance                 Hexes                        3
   e - Dazzling Spray                 Conjuration/Hexes            3
 U - a book of the Dragon

   Spells                             Type                      Level
   a - Flame Tongue                   Conjuration/Fire             1
   b - Cause Fear                     Hexes                        4
   c - Bolt of Fire                   Conjuration/Fire             6
   d - Dragon Form                    Transmutation                7
   e - Dragon's Call                  Summoning                    9
Miscellaneous
 m - a phantom mirror
 v - a fan of gales (inert)
 X - a sack of spiders {used: 1}
Comestibles
 h - 2 slices of pizza
 n - 15 meat rations
 C - 48 fruits
 W - 10 royal jellies
 Z - 6 beef jerkies


   Skills:
 - Level 23.0 Fighting
 + Level 23.9 Long Blades
 - Level 18.5 Armour
 - Level 16.8 Shields
 - Level 10.4 Invocations
 - Level 10.9 Evocations


You had 20 spell levels left.
You didn't know any spells.

Dungeon Overview and Level Annotations

Branches:
Dungeon (15/15)            Temple (1/1) D:4            Lair (8/8) D:10
 Shoals (4/4) Lair:3        Snake (4/4) Lair:6        Slime (0/6) Lair:6
    Orc (2/2) D:11            Elf (0/3) Orc:2        Vaults (5/5) D:13
  Crypt (0/3) Vaults:2     Depths (0/5) D:15

Altars:
Ashenzari
Cheibriados
Dithmenos
Elyvilon
Fedhas
Gozag
Kikubaaqudgha
Makhleb
Nemelex Xobeh
Okawaru
Pakellas
Qazlal
Ru
Sif Muna
Trog
Vehumet
Xom
Yredelemnul
Zin
The Shining One
Beogh
Jiyva
Lugonu

Shops:
D:4 (([[   D:7 (   D:10 [=[   D:12 %   Orc:2 [?[(   Shoals:2 *   Shoals:3 !
Vaults:1 [[=

Annotations:
D:9 Nergalle
D:10 Maurice
Lair:1 exclusion: oklob plant


Innate Abilities, Weirdness & Mutations

You reflexively headbutt those who attack you in melee.
You have a pair of horns on your head.
You passively map a small area around you.


Message History

The storm dragon claws you but does no damage.
The storm dragon tramples you but does no damage.
The vault sentinel is empowered by the deep elf high priest's aura!
The storm dragon bites you but does no damage.
The storm dragon claws you but does no damage.
The storm dragon tramples you but does no damage.
The lich touches you but does no damage.
The vault sentinel blows a loud note on a signal horn!
The deep elf death mage beckons forth a restless soul!
The storm dragon bites you!
* * * LOW HITPOINT WARNING * * *
The storm dragon claws you.
* * * LOW HITPOINT WARNING * * *
The storm dragon tramples you.
* * * LOW HITPOINT WARNING * * *
You hold your ground!
The shadow dragon bites you but does no damage.
The shadow dragon completely misses you.
The shadow dragon claws you.
You die... . , ...# . ,....# # , ....# , , ,,,p...# , ,,####c#..# * , ###*.p2...* * , ,##...Lxc# , #..xpCcp#

, ##..eD@Lc#,,
#...HDeD.# * * ,
#..)*.C..#
#...####*# *
#:.###...^# *
#}##......#,, ,*
##(.#.......# *
#####D(.##.......#
,
#.Dw[D..#.......##


You could see a shadow dragon, a ghostly ironheart preserver, 2 storm dragons, a
fire giant, 2 vault wardens, 2 liches, a deep elf death mage, an ettin, a vault
sentinel, a deep elf high priest, 4 yaktaurs, a hippogriff shaped shifter, a
tormentor, 3 lost souls and 2 crawling corpses.

Vanquished Creatures
  Mara (Snake:3)
  Saint Roka (Orc:2)
  Frederick (Vaults:4)
  Vashnia (Snake:2)
  A golden dragon (Vaults:5)
  Xtahua (Vaults:4)
  3 tentacled monstrosities
  A lich (Vaults:4)
  Jorgrun (Snake:1)
  The ghost of theElss the Peltast, an adept GrBe of Trog (Vaults:3)
  Rupert (Lair:6)
  Asterion (Snake:2)
  2 titans (Vaults:5)
  2 sphinxes
  Frances (Snake:2)
  Ilsuiw (Shoals:4)
  3 tengu reavers
  Kirke (D:12)
  Agnes (D:14)
  9 greater nagas (Snake:4)
  Wiglaf (Snake:3)
  2 shadow dragons
  A deep elf sorcerer (Vaults:5)
  3 frost giants
  Donald (D:13)
  4 fire giants
  12 vault wardens
  Aizul (Snake:1)
  11 ironheart preservers
  The ghost of kobby the Nimble, a journeyman DsGl of Yredelemnul (Snake:2)
  7 stone giants
  7 very ugly things
  A salamander stormcaller (Vaults:2)
  Nessos (D:13)
  A deep elf demonologist (Vaults:5)
  4 dire elephants (Lair:8)
  5 merfolk javelineers (Shoals:4)
  2 ettins (Vaults:4)
  Snorg (Lair:3)
  A crystal guardian (Vaults:1)
  9 merfolk impalers
  32 vault guards
  Josephine (D:15)
  An entropy weaver (shapeshifter) (Vaults:3)
  4 great orbs of eyes
  Erolcha (D:10)
  19 naga warriors
  8 yaktaur captains
  11 hydras
  9 anacondas
  12 centaur warriors
  9 ogre magi
  Erica (D:8)
  7 merfolk aquamancers
  A satyr (shapeshifter) (Vaults:5)
  2 satyrs
  5 death knights
  7 shock serpents
  2 orc high priests (Orc:2)
  12 naga sharpshooters
  Sonja (Lair:3)
  4 deep elf knights
  The ghost of Rationalist the Blocker, a novice FoFi of Qazlal (D:7)
  10 deep trolls
  12 sea snakes
  5 salamander mystics
  15 skeletal warriors
  4 unseen horrors
  5 deep elf archers
  2 flayed ghosts (Vaults:4)
  An orange crystal statue (Vaults:3)
  A sea snake (shapeshifter) (Vaults:4)
  8 naga ritualists
  Pikel (D:8)
  10 orc knights
  9 ironbrand convokers
  2 phantasmal warriors
  13 harpies
  9 deep elf magi
  A necromancer (Vaults:2)
  6 hill giants
  10 mana vipers
  2 orc sorcerers
  7 wolf spiders
  8 griffons
  20 ugly things
  8 fauns
  A manticore (shapeshifter) (Vaults:2)
  6 cyclopes
  2 hornets
  A salamander (shapeshifter) (D:15)
  5 manticores
  4 sirens
  8 salamanders
  8 guardian serpents
  9 vault sentinels
  37 black mambas
  A molten gargoyle (D:14)
  Psyche (D:8)
  20 elephants
  15 naga magi
  3 water nymphs
  A gargoyle (D:14)
  7 kobold demonologists
  3 rime drakes
  17 spiny frogs
  2 human zombies (Vaults:2)
  6 freezing wraiths
  A rime drake (shapeshifter) (Vaults:4)
  An efreet (D:15)
  6 komodo dragons
  A yaktaur (shapeshifter) (Vaults:3)
  26 yaktaurs
  A troll (shapeshifter) (Vaults:2)
  A merfolk (shapeshifter) (Vaults:4)
  10 trolls
  2 wind drakes (Shoals:4)
  26 merfolk
  27 two-headed ogres
  17 blink frogs
  3 boulder beetles
  A polar bear (Lair:8)
  10 snapping turtles
  15 slime creatures
  A tarantella (shapeshifter) (Vaults:1)
  A tarantella (Vaults:4)
  7 redbacks
  6 water elementals
  2 shadows
  9 wraiths
  A yak (shapeshifter) (D:13)
  Eustachio (D:5)
  8 wyverns
  A fire bat (shapeshifter) (Vaults:2)
  A hog (D:12)
  16 humans (D:13)
  Grum (D:8)
  4 basilisks
  53 yaks
  3 hungry ghosts
  17 vampire mosquitoes
  4 mottled dragons
  12 wargs
  A hippogriff (shapeshifter) (Vaults:3)
  3 human simulacra
  The ghost of daning the Charmwright, an amateur HESk (D:6)
  16 hippogriffs
  52 nagas
  10 water moccasins
  12 porcupines
  42 orc warriors
  3 ice beasts
  4 black bears
  5 sky beasts
  3 slaves (D:8)
  A wasp (D:14)
  2 phantoms
  2 eyes of draining
  25 wolves
  10 centaurs
  A boggart (D:14)
  43 ogres
  14 crocodiles
  7 big kobolds
  27 giant frogs
  A gnoll sergeant (D:8)
  3 scorpions
  5 killer bees
  3 howler monkeys
  12 wights
  5 crimson imps
  5 lava snakes (D:14)
  8 centaur zombies
  A giant frog zombie (D:11)
  6 hounds
  40 orc priests
  13 jellies
  4 centaur skeletons
  3 giant frog skeletons (D:6)
  15 iguanas
  26 orc wizards
  13 worker ants
  28 sheep
  2 killer bee zombies
  2 hound zombies
  A mummy (D:7)
  A worker ant zombie (D:6)
  11 gnolls
  A howler monkey skeleton (D:8)
  10 adders
  60 river rats
  6 shadow imps
  16 oozes
  2 adder skeletons
  2 worms
  2 dart slugs
  5 giant geckos
  127 orcs
  4 giant cockroaches
  6 goblins
  8 hobgoblins
  14 jackals
  28 kobolds
  5 quokkas
  10 bats
  4 giant newts
  A hobgoblin zombie (D:7)
  A jackal skeleton (D:4)
  A kobold zombie (D:7)
  3 orc zombies
  A quokka zombie (D:5)
  6 rats
  A butterfly (Lair:7)
  A fungus (Lair:3)
  7 plants
1706 creatures vanquished.

Vanquished Creatures (collateral kills)
  A merfolk (Shoals:4)
1 creature vanquished.

Vanquished Creatures (others)
  Nikola (Snake:3)
  A fire giant (Vaults:5)
  A merfolk javelineer (Shoals:4)
  A naga sharpshooter (Snake:4)
  An unseen horror (D:15)
  2 fauns (Shoals:3)
  2 cyclopes
  A deep elf mage (Vaults:4)
  7 yaktaurs
  A shadow (D:14)
  A human (D:12)
  A naga (Snake:4)
  2 ogres (Vaults:5)
  4 centaurs
  A jelly (D:5)
  A river rat (Lair:7)
  4 kobolds (D:13)
  A fire vortex (D:15)
  11 fungi
  43 plants
87 creatures vanquished.

Grand Total: 1794 creatures vanquished

Notes
Turn   | Place    | Note
--------------------------------------------------------------
     0 | D:1      | hairmachine the Minotaur Fighter began the quest for the Orb.
     0 | D:1      | Reached XP level 1. HP: 19/19 MP: 0/0
   201 | D:1      | Reached XP level 2. HP: 22/26 MP: 1/1
   897 | D:2      | Reached XP level 3. HP: 31/31 MP: 2/2
  1316 | D:2      | Reached skill level 5 in Long Blades
  1493 | D:3      | Reached XP level 4. HP: 37/39 MP: 3/3
  1870 | D:3      | Noticed a big kobold
  1913 | D:3      | Killed a big kobold
  1913 | D:3      | Reached XP level 5. HP: 37/45 MP: 4/4
  2509 | D:4      | Found Quaw's Antique Weapon Boutique.
  2509 | D:4      | Found Qyesmib's Antique Armour Emporium.
  2509 | D:4      | Noticed an ogre
  2534 | D:4      | Killed an ogre
  2534 | D:4      | Reached XP level 6. HP: 51/51 MP: 5/5
  2567 | D:4      | Found Cogarch's Weapon Emporium.
  2610 | D:4      | Found a shadowy altar of Dithmenos.
  2788 | D:4      | Identified the Papyrus of Hedging
  2800 | D:4      | Found a staircase to the Ecumenical Temple.
  2806 | Temple   | Entered the Ecumenical Temple
  2846 | Temple   | Became a worshipper of Warmaster Okawaru
  2987 | D:4      | Found a burning altar of Makhleb.
  2987 | D:4      | Found a shimmering altar of Xom.
  2987 | D:4      | Found a radiant altar of Vehumet.
  2988 | D:4      | Found a bloodstained altar of Trog.
  2988 | D:4      | Found an ancient bone altar of Kikubaaqudgha.
  3099 | D:4      | Reached XP level 7. HP: 16/57 MP: 6/6
  3439 | D:4      | Found a blossoming altar of Fedhas.
  3582 | D:4      | Found Wuzeylu's Antique Armour Shop.
  3678 | D:4      | Found a glowing golden altar of the Shining One.
  3743 | D:5      | Entered Level 5 of the Dungeon
  3952 | D:5      | Found an oddly glowing altar of Pakellas.
  3952 | D:5      | Noticed an orange crystal statue
  3972 | D:5      | Noticed Eustachio
  4018 | D:5      | Killed Eustachio
  4018 | D:5      | Reached * piety under Okawaru
  4031 | D:5      | Reached skill level 5 in Armour
  4825 | D:6      | Reached skill level 5 in Fighting
  4825 | D:6      | Reached skill level 10 in Long Blades
  4825 | D:6      | Reached XP level 8. HP: 51/68 MP: 7/7
  4948 | D:6      | Found a white marble altar of Elyvilon.
  5005 | D:6      | Found a basalt altar of Yredelemnul.
  5362 | D:6      | Reached ** piety under Okawaru
  5398 | D:6      | Noticed daning's ghost (amateur HESk)
  5561 | D:6      | Killed daning's ghost
  6254 | D:7      | Reached XP level 9. HP: 75/79 MP: 5/8
  6564 | D:7      | Got a warped robe
  6567 | D:7      | Identified the +1 robe of Coruz {rElec SInv} (You took it off an orc priest on level 7 of the Dungeon)
  6586 | D:7      | Noticed Rationalist's ghost (novice FoFi)
  6741 | D:7      | Killed Rationalist's ghost
  7329 | D:7      | Found Hefalita's Weapon Emporium.
  7462 | D:8      | Noticed Grum
  7673 | D:8      | Reached *** piety under Okawaru
  7681 | D:8      | Killed Grum
  8112 | D:8      | Reached XP level 10. HP: 89/91 MP: 9/9
  8310 | D:8      | Noticed Psyche
  8319 | D:8      | Killed Psyche
  8512 | D:8      | Noticed Erica
  8543 | D:8      | Killed Erica
  8543 | D:8      | Reached **** piety under Okawaru
  8543 | D:8      | Reached skill level 5 in Shields
  9208 | D:8      | Noticed Pikel
  9221 | D:8      | Killed Pikel
  9832 | D:9      | Reached ***** piety under Okawaru
 10194 | D:9      | Reached XP level 11. HP: 86/97 MP: 8/10
 10773 | D:10     | Entered Level 10 of the Dungeon
 10773 | D:10     | Noticed Nergalle
 10796 | D:10     | Noticed Maurice
 11142 | D:10     | Found a staircase to the Lair.
 11457 | D:10     | Found Sagasiysch's Armour Emporium.
 11457 | D:10     | Noticed a hill giant
 11472 | D:10     | Killed a hill giant
 11472 | D:10     | Received a gift from Okawaru
 11536 | D:10     | Noticed Erolcha
 11544 | D:10     | Killed Erolcha
 11553 | D:10     | Found Iguts's Antique Armour Shoppe.
 11585 | D:10     | Noticed a seven-headed hydra
 11623 | D:10     | Noticed a hill giant
 11633 | D:10     | Killed a hill giant
 11633 | D:10     | Reached skill level 10 in Shields
 11641 | D:10     | Killed a four-headed hydra
 11641 | D:10     | Reached skill level 15 in Long Blades
 11824 | D:10     | Found Gul Vuk's Jewellery Boutique.
 11962 | D:10     | Killed an unseen horror
 12197 | Lair:1   | Entered Level 1 of the Lair of Beasts
 12233 | Lair:1   | Noticed a seven-headed hydra
 12245 | Lair:1   | Killed a five-headed hydra
 12245 | Lair:1   | Reached skill level 10 in Armour
 12592 | Lair:1   | Reached XP level 12. HP: 104/104 MP: 11/11
 12747 | Lair:1   | Noticed a six-headed hydra
 12758 | Lair:1   | Killed a three-headed hydra
 13351 | Lair:1   | Reached ****** piety under Okawaru
 14175 | Lair:2   | Received a gift from Okawaru
 14594 | Lair:3   | Noticed Sonja
 14637 | Lair:3   | Killed Sonja
 15016 | Lair:3   | Noticed Snorg
 15028 | Lair:3   | Killed Snorg
 15128 | Lair:3   | Noticed a five-headed hydra
 15137 | Lair:3   | Killed a one-headed hydra
 15292 | Lair:3   | Found a staircase to the Shoals.
 16205 | Lair:4   | Noticed a six-headed hydra
 16209 | Lair:4   | Killed a two-headed hydra
 16209 | Lair:4   | Reached XP level 13. HP: 95/111 MP: 12/12
 16217 | Lair:4   | Reached skill level 15 in Shields
 16231 | Lair:4   | Received a gift from Okawaru
 17816 | Lair:5   | Received a gift from Okawaru
 17963 | Lair:5   | Reached skill level 10 in Fighting
 18831 | Lair:6   | Gained mutation: You passively map a small area around you. [potion of beneficial mutation]
 18837 | Lair:6   | Identified a scroll of acquirement
 18908 | Lair:6   | Found a viscous altar of Jiyva.
 18908 | Lair:6   | Found a staircase to the Slime Pits.
 18937 | Lair:6   | Found a staircase to the Snake Pit.
 19152 | Lair:6   | Noticed Rupert
 19174 | Lair:6   | Killed Rupert
 19174 | Lair:6   | Reached XP level 14. HP: 81/124 MP: 13/13
 19672 | Lair:7   | Received a gift from Okawaru
 19839 | Lair:7   | Got a transparent morningstar
 19840 | Lair:7   | Identified the +6 morningstar "Emogeexy" {venom, rPois rN+++ Dex-4 SInv} (You found it on level 7 of the Lair of Beasts)
 20477 | Lair:8   | Entered Level 8 of the Lair of Beasts
 21528 | Lair:8   | Received a gift from Okawaru
 21529 | Lair:8   | Got a crude demon blade {god gift}
 21710 | Lair:8   | Identified the +3 demon blade of Purpose {elec, rC- Int+6} (Okawaru gifted it to you on level 8 of the Lair of Beasts)
 22068 | D:11     | Found a staircase to the Orcish Mines.
 22646 | Orc:1    | Entered Level 1 of the Orcish Mines
 22778 | Orc:1    | Reached skill level 15 in Armour
 23089 | Orc:2    | Entered Level 2 of the Orcish Mines
 23318 | Orc:2    | Found a roughly hewn altar of Beogh.
 23348 | Orc:2    | Found a roughly hewn altar of Beogh.
 23369 | Orc:2    | Found a roughly hewn altar of Beogh.
 23429 | Orc:2    | Noticed Saint Roka
 23866 | Orc:2    | Found a staircase to the Elven Halls.
 23920 | Orc:2    | Found Elisouju's Antique Weapon Emporium.
 23924 | Orc:2    | Found Syhacada's Antique Armour Shoppe.
 23938 | Orc:2    | Found a roughly hewn altar of Beogh.
 23999 | Orc:2    | Found a roughly hewn altar of Beogh.
 23999 | Orc:2    | Found Gontoihy's Magic Scroll Boutique.
 24008 | Orc:2    | Received a gift from Okawaru
 24128 | Orc:2    | Bought a scroll of magic mapping for 45 gold pieces
 24128 | Orc:2    | Bought a scroll of blinking for 97 gold pieces
 24128 | Orc:2    | Bought a scroll of teleportation for 39 gold pieces
 24162 | Orc:2    | Found a roughly hewn altar of Beogh.
 24162 | Orc:2    | Found Fiudgh Ones's Armour Emporium.
 24277 | Orc:2    | Reached XP level 15. HP: 129/138 MP: 14/14
 24309 | Orc:2    | Found a roughly hewn altar of Beogh.
 24384 | Orc:2    | Killed Saint Roka
 24905 | D:12     | Reached skill level 1 in Evocations
 24988 | D:12     | Found Iruelosmil's Food Emporium.
 25081 | D:12     | Noticed Kirke
 25104 | D:12     | Killed Kirke
 25405 | D:12     | Found a roughly hewn altar of Beogh.
 25879 | D:13     | Found a corrupted altar of Lugonu.
 25985 | D:13     | Noticed Donald
 25996 | D:13     | Reached skill level 15 in Fighting
 26010 | D:13     | Killed Donald
 26241 | D:13     | Found a gate to the Vaults.
 26352 | D:13     | Noticed Nessos
 26355 | D:13     | Killed Nessos
 26857 | D:14     | Noticed Agnes
 26875 | D:14     | Received a gift from Okawaru
 26891 | D:14     | Killed Agnes
 27460 | D:14     | Reached skill level 5 in Evocations
 28002 | D:14     | Noticed a tengu reaver
 28020 | D:14     | Killed a tengu reaver
 28020 | D:14     | Received a gift from Okawaru
 28038 | D:14     | Reached XP level 16. HP: 148/151 MP: 18/18
 28472 | D:15     | Entered Level 15 of the Dungeon
 28530 | D:15     | Noticed Josephine
 28540 | D:15     | Killed Josephine
 29521 | D:15     | Found a staircase to the Depths.
 30188 | Snake:1  | Entered Level 1 of the Snake Pit
 30199 | Snake:1  | Received a gift from Okawaru
 30245 | Snake:1  | Noticed Aizul
 30277 | Snake:1  | Killed Aizul
 31514 | Snake:1  | Received a gift from Okawaru
 32196 | Snake:2  | Noticed Jorgrun
 32211 | Snake:1  | Killed Jorgrun
 32358 | Snake:2  | Received a gift from Okawaru
 32517 | Snake:2  | Noticed Vashnia
 32537 | Snake:2  | Noticed Asterion
 32819 | Snake:2  | Noticed Frances
 32825 | Snake:2  | Noticed kobby's ghost (journeyman DsGl)
 32836 | Snake:2  | Killed Frances
 32851 | Snake:2  | Killed kobby's ghost
 32960 | Snake:2  | Reached skill level 1 in Invocations
 33279 | Snake:2  | Reached XP level 17. HP: 123/161 MP: 19/19
 33721 | Snake:2  | Received a gift from Okawaru
 34012 | Snake:2  | Killed Asterion
 34118 | Snake:2  | Reached skill level 5 in Invocations
 34396 | Snake:2  | Killed Vashnia
 35017 | Snake:3  | Noticed Nikola
 35026 | Snake:3  | Killed Nikola
 35493 | Snake:3  | Noticed Mara
 35494 | Snake:3  | Noticed hairmachine's illusion
 35660 | Snake:3  | Noticed hairmachine's illusion
 35966 | Snake:3  | Noticed hairmachine's illusion
 35984 | Snake:3  | Noticed Wiglaf
 35996 | Snake:3  | Killed Mara
 36020 | Snake:3  | Killed Wiglaf
 36481 | Snake:3  | Reached skill level 10 in Invocations
 36714 | Shoals:1 | Entered Level 1 of the Shoals
 36753 | Shoals:1 | Received a gift from Okawaru
 37679 | Shoals:2 | Found Hadareh's Assorted Antiques.
 37694 | Shoals:2 | Bought a scroll of teleportation for 87 gold pieces
 37933 | Shoals:3 | Found Cukhun's Distillery.
 37958 | Shoals:3 | Bought a potion of berserk rage for 80 gold pieces
 37958 | Shoals:3 | Bought a potion of berserk rage for 80 gold pieces
 38730 | Shoals:4 | Entered Level 4 of the Shoals
 38730 | Shoals:4 | Noticed Ilsuiw
 38749 | Shoals:4 | Reached XP level 18. HP: 118/170 MP: 16/24
 38792 | Shoals:4 | Killed Ilsuiw
 39276 | Shoals:4 | Received a gift from Okawaru
 39279 | Shoals:4 | Reached skill level 10 in Evocations
 39717 | Shoals:4 | Got a barnacled rune of Zot
 39731 | Shoals:4 | Identified a +1 pair of boots of running (Okawaru gifted it to you on level 4 of the Shoals)
 40051 | Snake:4  | Entered Level 4 of the Snake Pit
 41737 | Snake:4  | Received a gift from Okawaru
 41740 | Snake:4  | Got a warped long sword {god gift}
 41746 | Snake:3  | Identified the +8 long sword of Mutilation {speed, *Drain +Blink rElec rN+++} (Okawaru gifted it to you on level 4 of the Snake Pit)
 42360 | Snake:4  | Reached XP level 19. HP: 133/184 MP: 26/26
 42706 | Snake:4  | Received a gift from Okawaru
 42734 | Snake:4  | Got a serpentine rune of Zot
 43062 | Vaults:1 | Entered Level 1 of the Vaults
 43174 | Vaults:1 | Found Kohy's Jewellery Boutique.
 43682 | Vaults:1 | Found Ducac's Antique Armour Boutique.
 43841 | Vaults:1 | Found Jaseff's Armour Emporium.
 44624 | Vaults:1 | Received a gift from Okawaru
 44932 | Vaults:2 | Paralysed by a great orb of eyes for 2 turns
 45992 | Vaults:2 | Found a staircase to the Crypt.
 46167 | Vaults:2 | Paralysed by a sphinx for 3 turns
 46202 | Vaults:2 | Reached XP level 20. HP: 199/203 MP: 27/27
 46889 | Vaults:3 | Received a gift from Okawaru
 47053 | Vaults:3 | Noticed theElss's ghost (adept GrBe)
 47086 | Vaults:3 | Killed theElss's ghost
 48823 | Vaults:4 | Noticed Xtahua
 48853 | Vaults:4 | Killed Xtahua
 48902 | Vaults:4 | Noticed Frederick
 48922 | Vaults:4 | Killed Frederick
 48922 | Vaults:4 | Received a gift from Okawaru
 49609 | Vaults:5 | Entered Level 5 of the Vaults
 49967 | Vaults:4 | Reached XP level 21. HP: 183/211 MP: 22/28
 50487 | Vaults:5 | Received a gift from Okawaru
 50616 | Vaults:5 | Noticed a golden dragon
 50623 | Vaults:5 | Killed a golden dragon
 50630 | Vaults:5 | Noticed a golden dragon
 50666 | Vaults:5 | HP: 2/211 [fire giant/bolt of fire (28)]
 51729 | Vaults:5 | Received a gift from Okawaru
 51757 | Vaults:5 | HP: 10/211 [vault warden/war axe (1)]
 51764 | Vaults:5 | HP: 14/316 [storm dragon (3)]
 51766 | Vaults:5 | HP: 4/316 [storm dragon (4)]
 51766 | Vaults:5 | HP: 1/316 [storm dragon (1)]
 51766 | Vaults:5 | Slain by a shadow dragon

Skill      XL: |  1  2  3  4  5  6  7  8  9 10 11 12 13 14 15 16 17 18 19 20 21 |
---------------+----------------------------------------------------------------+-----
Long Blades    | 3 4 5 6 8 9 10 11 12 14 15 16 17 21 23 | 23.9
Fighting       | 5 7 9 11 14 15 17 19 23 | 23.0
Armour         | 5 7 9 10 11 12 15 17 18 | 18.5
Shields        | 8 11 14 16 | 16.8
Evocations     | 5 8 10 | 10.9
Invocations    | 2 10 | 10.4

Action                   |  1- 3 |  4- 6 |  7- 9 | 10-12 | 13-15 | 16-18 | 19-21 || total
-------------------------+-------+-------+-------+-------+-------+-------+-------++-------
Melee: Long sword        |    47 |       |    14 |   558 |       |   103 |  1860 ||  2582
       Headbutt          |    13 |    21 |    79 |   181 |   377 |   439 |   674 ||  1784
       Short sword       |    75 |   148 |    10 |       |       |       |       ||   233
       Falchion          |       |       |   352 |    39 |       |       |       ||   391
       Punch             |       |       |     3 |     1 |       |       |       ||     4
       Scimitar          |       |       |       |   207 |  1470 |  1462 |       ||  3139
Throw: Javelin           |       |     5 |     5 |     2 |       |       |       ||    12
Invok: Heroism           |       |       |     6 |     6 |     4 |    11 |     7 ||    34
       Finesse           |       |       |       |     1 |     1 |     7 |     7 ||    16
Evoke: Wand              |       |       |     1 |     1 |     1 |    11 |     2 ||    16
       Fan of gales      |       |       |       |       |       |     2 |     1 ||     3
       Sack of spiders   |       |       |       |       |       |     1 |       ||     1
  Use: Scroll            |     4 |       |     5 |    12 |    26 |    11 |    13 ||    71
       Potion            |       |       |     2 |     4 |     8 |    19 |     3 ||    36
 Stab: Invisible         |       |       |       |       |     1 |       |       ||     1
       Held in net/web   |       |       |       |       |       |     1 |       ||     1
  Eat: Chunk             |     2 |     3 |    16 |    24 |    31 |    18 |    22 ||   116
       Pizza             |       |     1 |       |     1 |     2 |     3 |     1 ||     8
       Beef jerky        |       |       |       |     1 |       |       |       ||     1
       Bread ration      |       |       |       |       |     2 |     6 |       ||     8
       Royal jelly       |       |       |       |       |       |     1 |     1 ||     2
       Meat ration       |       |       |       |       |       |       |     1 ||     1
Armor: Scale mail        |    64 |    36 |   133 |    45 |       |       |       ||   278
       Chain mail        |       |       |       |   293 |    62 |       |       ||   355
       Crystal plate arm |       |       |       |       |   721 |   600 |   698 ||  2019
Dodge: Dodged            |    62 |    54 |   172 |   303 |   437 |   347 |   373 ||  1748
Block: Shield            |       |       |       |   218 |   526 |  1360 |  1191 ||  3295
       Buckler           |       |       |       |       |   525 |       |       ||   525
       Reflection        |       |       |       |       |    48 |   196 |    79 ||   323
